 Dungeon Crawl Stone Soup version 0.19.1 (webtiles) character file.

338 Malachi the Insei (level 6, -1/44 HPs)
             Began as a Demonspawn Transmuter on Dec 8, 2016.
             Slain by Eustachio
             ... wielding a +0 rapier
              (8 damage)
             ... on level 5 of the Dungeon.
             The game lasted 00:11:47 (7556 turns).

Malachi the Insei (Demonspawn Transmuter)           Turns: 7556, Time: 00:11:48

Health: -1/44      AC:  2    Str: 10    XL:     6   Next: 29%
Magic:  7/10       EV: 26    Int: 22    God:
Gold:   116        SH:  0    Dex: 23    Spells: 3 memorised, 4 levels left

rFire  . . .     SeeInvis .       - Unarmed
rCold  . . .     Gourm    .     (armour currently unavailable)
rNeg   . . .     Faith    .     (shield currently unavailable)
rPois  x         Spirit   .     (helmet currently unavailable)
rElec  .         Reflect  .     (cloak currently unavailable)
rCorr  .         Harm     .     (gloves currently unavailable)
MR     .....                    (boots currently unavailable)
Stlth  +++++.....               (no amulet)
                                s - ring of stealth
                                (no ring)

@: brilliant, agile, spider-form
A: (horns 0), nightstalker 1, (sturdy frame 0)
a: End Transformation


You were on level 5 of the Dungeon.
You were not hungry.
You were a venomous arachnid creature.
You visited 1 branch of the dungeon, and saw 5 of its levels.

You collected 116 gold pieces.

Inventory:

Hand Weapons
 h - a +0 dagger
Missiles
 a - 39 arrows
Armour
 b - a +1 robe (melded)
 j - a +0 ring mail
Jewellery
 o - an uncursed ring of ice
 s - a ring of stealth (right front leg)
Scrolls
 k - a scroll of amnesia
 w - a scroll of remove curse
Potions
 m - a potion of curing
 n - a potion of mutation {unknown}
 p - 2 potions of might {unknown}
 q - a potion of degeneration {unknown}
 r - a potion of cancellation {unknown}
 x - a potion of flight
Books
 c - a book of Changes

   Spells                             Type                      Level
   a - Beastly Appendage              Transmutation                1
   b - Sticks to Snakes               Transmutation                2
   c - Spider Form                    Transmutation/Poison         3
   d - Ice Form                       Ice/Transmutation            4
   e - Blade Hands                    Transmutation                5
 u - a book of Misfortune

   Spells                             Type                      Level
   a - Confusing Touch                Hexes                        1
   b - Confuse                        Hexes                        3
   c - Gell's Gravitas                Hexes/Translocation          3
   d - Petrify                        Transmutation/Earth          4
   e - Metabolic Englaciation         Hexes/Ice                    5
   f - Yara's Violent Unravelling     Hexes/Transmutation          5
Comestibles
 d - a bread ration
 f - a meat ration
 g - 2 beef jerkies


   Skills:
 + Level 2.2 Fighting
 + Level 2.9 Dodging
 + Level 1.7 Stealth
 + Level 4.5 Unarmed Combat
 + Level 2.6 Spellcasting
 + Level 2.6 Transmutations


You had 4 spell levels left.
You knew the following spells:

 Your Spells              Type           Power        Failure   Level  Hunger
a - Beastly Appendage     Tmut           ####..       2%          1    None
b - Sticks to Snakes      Tmut           ####....     3%          2    ##.....
c - Spider Form           Tmut/Pois      ###.......   5%          3    ###....


Dungeon Overview and Level Annotations

Branches:
Dungeon (5/15)
 Temple: D:4-7

Altars:
Elyvilon
Hepliaklqana
Sif Muna

Shops:
D:5 *

Annotations:
D:4 Banto's ghost, amateur NaTm
D:5 Eustachio; Menkaure; jaintor's ghost, novice HuBe


Innate Abilities, Weirdness & Mutations

((You have a pair of small horns on your head.))
You are slightly more attuned to the shadows.
((Your movements are less encumbered by armour. (ER -4)))


Message History

Eustachio hits you with a rapier.
* * * LOW HITPOINT WARNING * * *
It was a potion of agility.
You feel agile all of a sudden. The river rat closely misses you.
Eustachio misses you.
It was a potion of brilliance.
You feel clever all of a sudden. The river rat completely misses you.
Eustachio misses you.
Okay, then.
Casting: Beastly Appendage
Confirm with . or Enter, or press ? or * to list all spells.
Your talons disappear.
You turn into a venomous arachnid creature.
Your +1 robe melds into your body.
The river rat completely misses you. Eustachio hits you with a rapier!
* * * LOW HITPOINT WARNING * * *
You closely miss Eustachio.
Eustachio is lightly wounded.
The river rat completely misses you. Eustachio hits you with a rapier!
You die...

#.#.##################
........5............########
...!...@5....................
############.#........### ##
#.#.#####..# #r#.#####..#
#r#........# ####
#s######.#.# #...
#@#<.....#..# #...
#.########..###... #..
...##..≈. ### ##.......
#.##... #... ..... .#####


You could see Eustachio, a river rat and a quokka.

Vanquished Creatures
  An ogre (D:4)
  An orc priest (D:3)
  An orc wizard (D:3)
  2 worker ants
  2 hound skeletons (D:4)
  3 adders
  A shadow imp (D:5)
  2 worms
  3 dart slugs (D:1)
  2 leopard geckos
  8 orcs
  5 giant cockroaches
  6 goblins
  9 hobgoblins
  5 jackals
  17 kobolds
  3 quokkas
  8 bats
  7 frilled lizards
  8 rats
94 creatures vanquished.

Notes
Turn   | Place    | Note
-------+----------+-------------------------------------------
     0 | D:1      | Malachi the Demonspawn Transmuter began the quest for the Orb.
     0 | D:1      | Reached XP level 1. HP: 15/15 MP: 3/3
    81 | D:1      | Reached skill level 3 in Unarmed Combat
   627 | D:1      | Gained mutation: Your movements are slightly less encumbered by armour. (ER -2) [demonic ancestry]
   627 | D:1      | Reached XP level 2. HP: 17/21 MP: 3/5
  2230 | D:1      | Gained mutation: Your movements are less encumbered by armour. (ER -4) [demonic ancestry]
  2230 | D:1      | Reached XP level 3. HP: 21/26 MP: 4/6
  3594 | D:2      | Gained mutation: You are slightly more attuned to the shadows. [demonic ancestry]
  3594 | D:2      | Reached XP level 4. HP: 30/32 MP: 5/7
  4559 | D:3      | Reached skill level 1 in Stealth
  4559 | D:3      | Reached skill level 4 in Unarmed Combat
  4559 | D:3      | Reached XP level 5. HP: 13/38 MP: 8/8
  5700 | D:4      | Noticed an ogre
  5756 | D:4      | Learned a level 2 spell: Sticks to Snakes
  5802 | D:4      | Killed an ogre
  5882 | D:4      | Noticed Banto's ghost (amateur NaTm)
  6183 | D:4      | Found a white marble altar of Elyvilon.
  6310 | D:4      | Found a deep blue altar of Sif Muna.
  6387 | D:5      | Entered Level 5 of the Dungeon
  6390 | D:5      | Noticed jaintor's ghost (novice HuBe)
  6474 | D:4      | Gained mutation: You have a pair of small horns on your head. [demonic ancestry]
  6474 | D:4      | Reached XP level 6. HP: 39/44 MP: 9/9
  6641 | D:4      | Found a hazy altar of Hepliaklqana.
  6822 | D:5      | Noticed Menkaure
  6833 | D:5      | HP: 1/44 [Menkaure (10)]
  7129 | D:5      | Found Roleroef's Elemental Accessories.
  7505 | D:5      | Learned a level 3 spell: Spider Form
  7515 | D:5      | Noticed Eustachio
  7556 | D:5      | Slain by Eustachio

Skill      XL: |  1  2  3  4  5 |
---------------+----------------+-----
Unarmed Combat | 3 4 |  4.5
Transmutations | 2 |  2.6
Dodging        | 2 |  2.9
Stealth        | 1 |  1.7
Fighting       | 2 |  2.2
Spellcasting   | |  2.6

Action                   |  1- 3 |  4- 6 || total
-------------------------+-------+-------++-------
Melee: Unarmed           |   201 |   227 ||   428
       Headbutt          |     4 |    15 ||    19
       Kick              |    12 |    18 ||    30
       Punch             |     1 |     6 ||     7
 Cast: Beastly Appendage |    23 |    19 ||    42
       Sticks to Snakes  |       |     2 ||     2
       Spider Form       |       |     1 ||     1
  Use: Scroll            |     3 |     4 ||     7
       Potion            |       |     7 ||     7
 Stab: Sleeping          |       |    10 ||    10
       Distracted        |       |     1 ||     1
  Eat: Chunk             |     9 |    10 ||    19
       Bread ration      |       |     1 ||     1
Armor: Robe              |    59 |    44 ||   103
Dodge: Dodged            |   154 |   174 ||   328
